 Dungeon Crawl Stone Soup version 0.26-a0-542-gbaa144ba5c (webtiles) character file.

Game seed: 9090326094587239115

119 MrRokkomies the Stinger (level 5, 0/29 HPs)
             Began as a Tengu Venom Mage on Aug 18, 2020.
             Succumbed to a worker ant's poison
             ... on level 2 of the Dungeon.
             The game lasted 00:06:58 (2970 turns).

MrRokkomies the Stinger (Tengu Venom Mage)          Turns: 2970, Time: 00:06:58

Health: 0/29       AC:  4    Str:  8    XL:     5   Next: 3%
Magic:  0/9        EV: 11    Int: 17    God:
Gold:   104        SH:  0    Dex: 14    Spells: 3/9 levels left

rFire    . . .     SeeInvis .   e - +0 short sword
rCold    . . .     Faith    .   (no shield)
rNeg     . . .     Spirit   .   b - -1 ring mail (curse)
rPois    .         Reflect  .   (helmet restricted)
rElec    .         Harm     .   (no cloak)
rCorr    .                      (no gloves)
MR       .....                  (boots unavailable)
Stlth    +.........             (no amulet)
HPRegen  0.09/turn              (no ring)
MPRegen  0.11/turn              (no ring)

@: lethally poisoned (0 -> -4), very slightly contaminated
A: beak, talons 3, able to fly
a: Fly


You were on level 2 of the Dungeon.
You visited 1 branch of the dungeon, and saw 3 of its levels.

You collected 104 gold pieces.

Inventory:

Hand Weapons
 e - a +0 short sword (weapon)
Armour
 a - a +0 robe
 b - a cursed -1 ring mail (worn)
Scrolls
 c - a scroll of enchant armour
 h - 3 scrolls of teleportation


   Skills:
 + Level 1.4 Fighting
 * Level 3.6 Dodging
 - Level 2.0 Stealth
 + Level 2.5 Spellcasting
 - Level 0.7 Transmutations
 * Level 4.0 Poison Magic


You had 3 spell levels left.
You knew the following spells:

 Your Spells              Type           Power        Failure   Level
a - Sting                 Tmut/Pois      ##..         22%         1
b - Poisonous Vapours     Pois/Air       #.....       36%         2
c - Mephitic Cloud        Conj/Pois/Air  #.......     69%         3

Your spell library contained the following spells:

 Spells                   Type           Power        Failure   Level
 Ignite Poison            Fire/Tmut/Pois #.......     65%         3
 Olgreb's Toxic Radiance  Pois           ###.....     71%         4


Dungeon Overview and Level Annotations

Branches:
Dungeon (3/15)

Altars:
Gozag


Innate Abilities, Weirdness & Mutations

You have a beak for a mouth.
You have claws for feet.
You can fly continuously.


Message History

* * * LOW HITPOINT WARNING * * *
You feel sick. The orc closely misses you.
Casting: Sting (safe; 22% risk of failure)
Confirm with . or Enter, or press ? or * to list all spells.
Aiming: Sting (safe; 22% risk of failure)
Press: ? - help, Shift-Dir - straight line, f/p - orc
Aim: an orc, wielding a +0 hand axe and wearing a +0 leather armour The sting hits the orc.
The orc is poisoned.
The orc is lightly wounded.
Casting: Sting (safe; 22% risk of failure)
Confirm with . or Enter, or press ? or * to list all spells.
You don't have enough magic to cast that spell.
You aren't carrying any potions.
Okay, then.
You hit the orc.
The orc is severely wounded.
* * * LOW HITPOINT WARNING * * *
You feel sick.
You kill the orc!
You die...

(.########.#.#'#.###
...........#...)..<#
........####....####
..........##########
........######8###8###
........####8...8...8###
..........##.......).####
.....<..#.#_........†>#.#
........####....@....##.#######
.......)####8...8...8##....)..#
........# ###8###8##########.#
........# ### ######.....#.#
........###########.#.##.##.#.#
.............÷÷...#.#.#...#.#.#
........#########.#.#.#.....#.#
.........))...(##.#.#.#....##.#
###.......####.##.#.#.#.......#


There were no monsters in sight!

Vanquished Creatures
  A worker ant (D:2)
  An adder (D:2)
  2 oozes
  4 worms
  A dart slug (D:1)
  3 leopard geckos (D:2)
  2 orcs (D:2)
  3 giant cockroaches
  8 goblins
  8 hobgoblins
  5 jackals
  2 quokkas
  A ball python (D:2)
  5 bats
  2 frilled lizards (D:2)
  A jackal skeleton (D:3)
  3 kobolds
  3 rats
55 creatures vanquished.

Notes
Turn   | Place    | Note
-------+----------+-------------------------------------------
     0 | D:1      | MrRokkomies the Tengu Venom Mage began the quest for the
                  | Orb.
     0 | D:1      | Reached XP level 1. HP: 10/10 MP: 4/4
   288 | D:1      | Reached XP level 2. HP: 14/15 MP: 6/6
   312 | D:1      | Learned a level 2 spell: Poisonous Vapours
   648 | D:1      | Reached XP level 3. HP: 20/20 MP: 7/7
  1622 | D:2      | Reached skill level 1 in Fighting
  1991 | D:2      | Reached XP level 4. HP: 18/25 MP: 0/8
  2167 | D:2      | Found an opulent altar of Gozag.
  2506 | D:3      | Learned a level 3 spell: Mephitic Cloud
  2962 | D:2      | Reached skill level 4 in Poison Magic
  2962 | D:2      | Gained mutation: You can fly continuously. [Tengu growth]
  2962 | D:2      | Reached XP level 5. HP: 4/29 MP: 2/9
  2967 | D:2      | HP: 1/29 [poisoned by a worker ant]
  2970 | D:2      | Succumbed to a worker ant's poison

Illustrated notes

Levels and vault maps discovered:
D:1:      dpeg_arrival_stone_temple_mockup, layout_loops_ring
D:2:      minmay_alternating_diamond, layout_basic,
          nicolae_overflow_hidden_temple
D:3:      layout_rooms, minmay_close_crescents

Skill      XL: |  1  2  3  4 |
---------------+-------------+-----
Dodging        | 3 |  3.6
Fighting       | 1 |  1.4
Poison Magic   | 4 |  4.0
Stealth        | |  2.0
Spellcasting   | |  2.5
Transmutations | |  0.7

Action                   |  1- 3 |  4- 6 || total
-------------------------+-------+-------++-------
Melee: Short sword       |    83 |    52 ||   135
       Kick              |    11 |    15 ||    26
       Peck              |     6 |     6 ||    12
 Cast: Sting             |    33 |    15 ||    48
  Use: Potion            |     2 |       ||     2
       Scroll            |       |     2 ||     2
Armor: Ring mail         |    36 |    23 ||    59
Dodge: Dodged            |    85 |    40 ||   125

Table legend: (Time is in decaauts)
 A = Elapsed time spent in this place.
 B = Non-inter-level travel time spent in this place.
 C = Inter-level travel time spent in this place.
 D = Time resting spent in this place.
 E = Time spent auto-exploring this place.
 F = Levels seen in this place.
 G = Mean time per level.
                   A        B        C        D        E       F      G
               +--------+--------+--------+--------+--------+-----+--------+
         Total |   2984 |   2919 |     65 |    475 |   1960 |   3 |  994.7 |
       Dungeon |   2984 |   2919 |     65 |    475 |   1960 |   3 |  994.7 |
               +--------+--------+--------+--------+--------+-----+--------+

Top non-repeatable levels by time:
     D:2: 1847 daAuts
     D:1: 878 daAuts
     D:3: 258 daAuts
